 Dungeon Crawl Stone Soup version 0.30-b1-2-g02819fbbbe (webtiles) character file.

Game seed: 4659117067454568976

8310 LLlMATKO the Fighter (level 11, -5/100 HPs)
             Began as a Minotaur Berserker on May 17, 2023.
             Was a High Priest of Trog.
             Slain by a yak (9 damage)
             ... on level 10 of the Dungeon.
             The game lasted 00:09:00 (9220 turns).

LLlMATKO the Fighter (Minotaur Berserker)           Turns: 9220, Time: 00:09:01

Health: -5/100     AC: 19    Str: 28    XL:     11   Next: 8%
Magic:  10/10      EV: 11    Int:  4    God:    Trog [*****.]
Gold:   467        SH: 15    Dex: 17    Spells: 10/10 levels left

rFire   + . .        L - +2 war axe (flame)
rCold   . . .        G - +0 kite shield
rNeg    . . .        S - +0 plate armour
rPois   .            (helmet restricted)
rElec   .            R - +1 cloak
rCorr   .            V - +0 pair of gloves
SInv    .            i - +0 pair of boots
Will    .....        P - amulet "Eczirchekh" {Reflect Str+3 Slay+5 SH+5} Stlth
                     h - ring of protection from fire
HPRegen 0.36/turn    s - +6 ring of dexterity
MPRegen 0.12/turn

%: reflection
@: on berserk cooldown, slowed, very slow
A: horns 2, retaliatory headbutt
a: Renounce Religion, Berserk, Trog's Hand, Brothers in Arms


You were on level 10 of the Dungeon.
You worshipped Trog.
Trog was extremely pleased with you.
You visited 1 branch of the dungeon, and saw 10 of its levels.

You collected 467 gold pieces.

Inventory:

Hand Weapons
 L - a +2 war axe of flaming (weapon)
 M - a +0 hand crossbow
Missiles
 m - 2 throwing nets
 p - 15 poisoned darts
 w - 4 curare-tipped darts
 F - a boomerang of dispersal
 I - 4 datura-tipped darts
 O - 4 javelins (quivered)
 Q - 5 boomerangs
Armour
 i - a +0 pair of boots (worn)
 G - a +0 kite shield (worn)
 N - a +2 scale mail of fire resistance
 R - a +1 cloak (worn)
 S - a +0 plate armour (worn)
 V - a +0 pair of gloves (worn)
Jewellery
 e - a +5 ring of evasion
 h - a ring of protection from fire (left hand)
 s - a +6 ring of dexterity (right hand)
 K - a +6 ring of intelligence
 P - the amulet "Eczirchekh" (around neck) {Reflect Str+3 Slay+5 SH+5}
   (You found it on level 8 of the Dungeon)

   [amulet of reflection]

   It reflects blocked missile attacks.
   Str:       It affects your strength (+3).
   Slay:      It affects your accuracy & damage with ranged weapons and melee
   (+5).
   SH:        It affects your SH (+5).
 X - the amulet of the Final Decision {Reflect -Cast Harm rPois Will++ SH+5}
   (You found it on level 9 of the Dungeon)

   [amulet of reflection]

   It reflects blocked missile attacks.
   rPois:     It protects you from poison.
   -Cast:     It prevents spellcasting.
   SH:        It affects your SH (+5).
   Harm:      It increases damage dealt and taken.
   Will:      It greatly increases your willpower.
Wands
 t - a wand of iceblast (10)
 y - a wand of acid (10)
 T - a wand of paralysis (10)
Scrolls
 b - a scroll of enchant weapon {unknown}
 c - 3 scrolls of noise {unknown}
 f - 4 scrolls of vulnerability {unknown}
 g - 7 scrolls of identify {unknown}
 j - 6 scrolls of teleportation {unknown}
 l - a scroll of poison {unknown}
 n - 4 scrolls of fear {unknown}
 q - 3 scrolls of immolation {unknown}
 u - 2 scrolls of magic mapping {unknown}
 v - 4 scrolls of amnesia {unknown}
 D - a scroll of enchant armour {unknown}
 H - a scroll of brand weapon {unknown}
 J - a scroll of silence {unknown}
Potions
 a - 2 potions of degeneration {unknown}
 d - 2 potions of lignification {unknown}
 k - 2 potions of attraction {unknown}
 o - a potion of magic {unknown}
 r - a potion of invisibility {unknown}
 x - a potion of cancellation {unknown}
 z - a potion of ambrosia {unknown}
 A - 5 potions of curing {unknown}
 B - 3 potions of heal wounds {unknown}
 C - 2 potions of mutation {unknown}
 E - 3 potions of flight {unknown}
 U - a potion of haste {unknown}
 W - a potion of brilliance {unknown}


   Skills:
 + Level 10.3 Fighting
 + Level 6.4(8.2) Axes
 - Level 7.8(8.9) Maces & Flails
 + Level 4.3 Ranged Weapons
 + Level 9.8 Armour
 + Level 9.1 Dodging
 + Level 5.9 Shields


You had 10 spell levels left.
You didn't know any spells.
Your spell library was empty.

Dungeon Overview and Level Annotations

Branches:
Dungeon (10/15)            Temple (0/1) D:5            Lair (0/5) D:8
    Orc: D:9-12

Altars:
Cheibriados
Dithmenos
Elyvilon
Fedhas
Makhleb
Trog
Vehumet
Wu Jian
Xom

Shops:
D:7 ?   D:8 *


Innate Abilities, Weirdness & Mutations

You have a pair of horns on your head.
You reflexively headbutt those who attack you in melee.


Message History

You slash the kobold demonologist! You burn the kobold demonologist.
The kobold demonologist closely misses you.
The ice devil hits you but does no damage.
You block the two-headed ogre's attack.
The two-headed ogre hits you with a +0 giant club!!
* * * LOW HITPOINT WARNING * * *
The yak gores you.
* * * LOW HITPOINT WARNING * * *
The ice devil hits you but does no damage.
The kobold demonologist hits you but does no damage.
Unknown command.
Unknown command.
You hit the two-headed ogre. You burn the two-headed ogre.
You headbutt the two-headed ogre!
The two-headed ogre is heavily wounded.
You slash the crimson imp! You hit the kobold demonologist.
You burn the kobold demonologist. You hit the ice devil.
You burn the ice devil. You slash the yak! You burn the yak.
The crimson imp blinks!
The two-headed ogre hits you with a +0 giant club!
* * * LOW HITPOINT WARNING * * *
You block the two-headed ogre's attack.
The kobold demonologist hits you but does no damage.
The yak closely misses you. The ice devil barely misses you.
Unknown command.
Unknown command.
You barely miss the two-headed ogre. You headbutt the two-headed ogre!
The two-headed ogre is severely wounded.
You slash the ice devil! You burn the ice devil.
You kill the ice devil!
The ice devil disappears in a puff of smoke!
You hit the yak. You burn the yak. You hit the kobold demonologist.
You burn the kobold demonologist.
The kobold demonologist hits you but does no damage.
You block the two-headed ogre's attack. x2; The yak barely misses you.
You furiously retaliate!
You headbutt the yak! The yak gores you but does no damage. The yak gores you.
* * * LOW HITPOINT WARNING * * *
The yak gores you!
You die...

##.....######...........
##.....# #...........
##.....######...........
............#...........
#...#[..................
#...#..........)........
#...#.........††........
#...#...........YY......
#...#...........@Y......
#...#..........5KO......
###########+#...........
#......[....
.............
###...........
#...........
#...........


You could see a two-headed ogre, a kobold demonologist, 3 yaks and a crimson imp
(summoned).

Vanquished Creatures
  A two-headed ogre (D:9)
  Pikel (D:4)
  Maurice (D:10)
  Joseph (D:8)
  An elephant (D:8)
  Maggie (D:9)
  A kobold demonologist (D:10)
  A troll (D:5)
  Grinder (D:3)
  3 wraiths
  3 wyverns
  2 yaks (D:10)
  A steam dragon (D:7)
  Edmund (D:4)
  An acid dragon (D:10)
  2 water moccasins (D:6)
  2 orc warriors
  A sky beast (D:6)
  9 black bears
  An ice beast (D:5)
  A lemure (D:4)
  3 centaurs
  3 bullfrogs
  A gnoll sergeant (D:9)
  2 scorpions
  3 wights (D:7)
  10 killer bees
  5 electric eels (D:8)
  A howler monkey (D:5)
  A crimson imp (D:7)
  5 hounds
  4 orc priests
  A gnoll bouda (D:9)
  A sleepcap (D:7)
  2 iguanas
  8 orc wizards
  11 gnolls
  7 adders
  4 white imps
  2 ufetubi
  3 worms
  5 dart slugs
  21 orcs
  8 ball pythons
  4 bats
  5 endoplasms (D:1)
  5 giant cockroaches
  12 goblins
  9 hobgoblins
  6 jackals
  13 kobolds
  3 quokkas
  7 frilled lizards
  3 rats
214 creatures vanquished.

Vanquished Creatures (others)
  29 fungi (D:5)
  7 plants (D:8)
36 creatures vanquished.

Grand Total: 250 creatures vanquished

Notes
Turn   | Place    | Note
-------+----------+-------------------------------------------
     0 | D:1      | LLlMATKO the Minotaur Berserker began the quest for the
                  | Orb.
     0 | D:1      | Reached XP level 1. HP: 19/19 MP: 0/0
   153 | D:1      | Reached XP level 2. HP: 24/27 MP: 1/1
   300 | D:1      | Reached skill level 4 in Fighting
   454 | D:1      | Reached XP level 3. HP: 33/33 MP: 2/2
   497 | D:1      | Reached ** piety under Trog
   550 | D:1      | Reached skill level 1 in Maces & Flails
  1138 | D:2      | You fall into a shaft and drop 1 floor!
  1161 | D:3      | Identified the +0 pair of gloves of Hadjma {Harm}
  1216 | D:3      | Reached XP level 4. HP: 40/40 MP: 3/3
  2525 | D:3      | Noticed Grinder
  2526 | D:3      | Paralysed by Grinder for 3 turns
  2534 | D:3      | Killed Grinder
  2535 | D:3      | Reached skill level 5 in Fighting
  2535 | D:3      | Reached XP level 5. HP: 41/48 MP: 4/4
  2535 | D:3      | Reached XP level 6. HP: 48/56 MP: 5/5
  2733 | D:3      | Reached *** piety under Trog
  3401 | D:4      | Noticed Pikel
  3411 | D:4      | Killed Pikel
  3412 | D:4      | Reached skill level 6 in Fighting
  3412 | D:4      | Reached skill level 5 in Armour
  3412 | D:4      | Reached skill level 5 in Dodging
  3412 | D:4      | Reached XP level 7. HP: 64/64 MP: 6/6
  3718 | D:4      | Reached skill level 5 in Maces & Flails
  3872 | D:4      | Reached XP level 8. HP: 71/71 MP: 7/7
  3902 | D:4      | Noticed Edmund
  3908 | D:4      | Killed Edmund
  3978 | D:5      | Entered Level 5 of the Dungeon
  3997 | D:5      | Reached skill level 7 in Fighting
  4341 | D:5      | Reached **** piety under Trog
  4456 | D:5      | Found a white marble altar of Elyvilon.
  4659 | D:5      | Noticed a troll
  4660 | D:5      | Found a staircase to the Ecumenical Temple.
  4666 | D:5      | Killed a troll
  4667 | D:5      | Reached skill level 8 in Fighting
  4667 | D:5      | Reached XP level 9. HP: 81/81 MP: 8/8
  4712 | D:5      | Found a shadowy altar of Dithmenos.
  5018 | D:6      | Found a shimmering altar of Xom.
  5058 | D:6      | Reached skill level 1 in Shields
  5422 | D:6      | Identified the +5 falchion "Geush" {flame, Int+2}
  5976 | D:7      | Found Piczysi's Magic Scroll Emporium.
  6093 | D:7      | Found a bloodstained altar of Trog.
  6164 | D:7      | Found an ornate altar of the Wu Jian Council.
  6251 | D:7      | Found a snail-covered altar of Cheibriados.
  6371 | D:7      | Reached skill level 9 in Fighting
  6371 | D:7      | Reached skill level 1 in Ranged Weapons
  6433 | D:7      | Found a burning altar of Makhleb.
  6434 | D:7      | Found a radiant altar of Vehumet.
  6560 | D:8      | Identified the amulet "Eczirchekh" {Reflect Str+3 Slay+5
                  | SH+5}
  6655 | D:8      | Found a blossoming altar of Fedhas.
  6757 | D:8      | Reached XP level 10. HP: 74/91 MP: 9/9
  6759 | D:8      | Noticed an elephant
  6760 | D:8      | Found a staircase to the Lair.
  6775 | D:8      | Killed an elephant
  7224 | D:8      | Reached skill level 5 in Axes
  7420 | D:8      | Found Waskox's Demolitions Depot.
  7734 | D:8      | Noticed Joseph
  7750 | D:8      | Killed Joseph
  8285 | D:9      | Noticed Maggie
  8294 | D:9      | Killed Maggie
  8371 | D:9      | Reached skill level 5 in Shields
  8612 | D:9      | Noticed a two-headed ogre
  8618 | D:9      | Killed a two-headed ogre
  8619 | D:9      | Reached skill level 10 in Fighting
  8713 | D:9      | Identified the amulet of the Final Decision {Reflect -Cast
                  | Harm rPois Will++ SH+5}
  9125 | D:10     | Entered Level 10 of the Dungeon
  9188 | D:10     | Noticed Maurice
  9202 | D:10     | Killed Maurice
  9202 | D:10     | Reached ***** piety under Trog
  9205 | D:10     | Noticed a sun demon
  9211 | D:10     | Reached XP level 11. HP: 59/100 MP: 10/10
  9212 | D:10     | Noticed a two-headed ogre
  9220 | D:10     | HP: 4/100 [yak (4)]
  9220 | D:10     | Slain by a yak

Illustrated notes

Levels and vault maps discovered:
D:1:      lightli_arrival_statue_moat, layout_loops_corners, st_stairs_8,
          grunt_decor_fettered, minmay_box_of_dots
D:2:      layout_basic
D:3:      layout_loops_cross, kennysheep_big_empty_room, uniq_grinder
D:4:      layout_basic, minmay_quantized, uniq_edmund, uniq_pikel
D:5:      wad_pebble_path, layout_rooms, mainiacjoe_overflow_small_starburst,
          mainiacjoe_overflow_cross_hatched, minmay_temple_entry_stoned_glass,
          minmay_manual_monstrance
D:6:      layout_rooms, mainiacjoe_overflow_tiny_flanked, chequers_avenue
D:7:      layout_rooms, slow_altar_2, trog_hazing_becter,
          nicolae_wu_jian_wuxing_cycle,
          grunt_temple_overflow_lords_of_destruction, serial_shops,
          nicolae_square_shop
D:8:      layout_gridville, kennysheep_little_box, david_lair_generic,
          chequers_big_river, minmay_strange_pillars, nicolae_blasting_shop,
          uniq_joseph
D:9:      layout_irregular_city, uniq_maggie
D:10:     layout_basic, david_orc_4, uniq_maurice

Skill      XL: |  1  2  3  4  5  6  7  8  9 10 |
---------------+-------------------------------+-----
Fighting       | 4 5 6 8 9 10 | 10.3
Armour         | 3 4 5 6 7 8 9 |  9.8
Maces & Flails | 1 3 4 5 6 7 |  7.8
Dodging        | 3 4 5 6 8 9 |  9.1
Shields        | 3 5 |  5.9
Axes           | 4 6 |  6.4
Ranged Weapons | 1 4 |  4.3

Action                     |  1- 3 |  4- 6 |  7- 9 | 10-12 || total
---------------------------+-------+-------+-------+-------++-------
  Melee: Hand axe          |    11 |       |       |       ||    11
         Whip              |    71 |    76 |   200 |       ||   347
         Headbutt          |    11 |     7 |    42 |    24 ||    84
         Punch             |       |       |     4 |       ||     4
         War axe           |       |       |    37 |    97 ||   134
  Throw: Throwing net      |       |       |     3 |       ||     3
         Javelin           |       |       |     2 |       ||     2
 Invoke: Berserk           |       |     3 |     4 |     5 ||    12
 Armour: Animal skin       |    11 |       |       |       ||    11
         Ring mail         |    10 |     9 |       |       ||    19
         Chain mail        |       |    20 |    98 |    17 ||   135
         Plate armour      |       |       |       |    60 ||    60
  Dodge: Dodged            |    38 |    47 |   106 |    54 ||   245
  Block: Kite shield       |       |       |    58 |   103 ||   161
         Reflection        |       |       |       |     5 ||     5
